 Dungeon Crawl Stone Soup version 0.25-a0-576-g50b708a4c4 (webtiles) character file.

Game seed: 3149735269321641022, levelgen mode: deterministic

123 Razoi the Grave Robber (level 4, -1/30 HPs)
             Began as a Vampire Necromancer on Mar 1, 2020.
             Was an Initiate of Sif Muna.
             Killed from afar by an orc wizard (8 damage)
             ... with a puff of flame
             ... on level 3 of the Dungeon.
             The game lasted 00:12:44 (2390 turns).

Razoi the Grave Robber (Vampire Necromancer)        Turns: 2390, Time: 00:12:44

Health: -1/30      AC:  3    Str: 12    XL:     4   Next: 80%
Magic:  2/8        EV: 13    Int: 18    God:    Sif Muna [......]
Gold:   127        SH:  0    Dex: 14    Spells: 5/9 levels left

rFire    . . .     SeeInvis +   f - +0 short sword
rCold    . . .     Gourm    .   (no shield)
rNeg     . . .     Faith    .   a - +0 robe
rPois    .         Spirit   .   (no helmet)
rElec    .         Reflect  .   (no cloak)
rCorr    .         Harm     .   b - +0 pair of gloves
MR       .....                  (no boots)
Stlth    ++........             (no amulet)
HPRegen  0.30/turn              h - +5 ring of strength
MPRegen  0.11/turn              (no ring)

@: regenerating quickly
A: no food, fangs 3, see invisible, unbreathing
a: Exsanguinate, Renounce Religion


You were on level 3 of the Dungeon.
You worshipped Sif Muna.
Sif Muna was noncommittal.
You were alive.

You visited 1 branch of the dungeon, and saw 3 of its levels.

You collected 127 gold pieces.

Inventory:

Hand Weapons
 f - a +0 short sword (weapon)
Armour
 a - a +0 robe (worn)
 b - a +0 pair of gloves (worn)
Jewellery
 h - a +5 ring of strength (left hand)
Scrolls
 c - 3 scrolls of identify {unknown}
 g - a scroll of magic mapping {unknown}
Potions
 e - a potion of curing {unknown}


   Skills:
 + Level 0.1 Fighting
 * Level 1.5 Short Blades
 + Level 2.5 Dodging
 - Level 3.1 Stealth
 + Level 3.0 Spellcasting
 + Level 5.6 Necromancy


You had 5 spell levels left.
You knew the following spells:

 Your Spells              Type           Power        Failure   Level  Hunger
a - Pain                  Necr           ###.         1%          1    N/A
b - Vampiric Draining     Necr           ###.......   4%          3    N/A

Your spell library contained the following spells:

 Spells                   Type           Power        Failure   Level  Hunger
 Animate Skeleton         Necr           N/A          1%          1    N/A
 Animate Dead             Necr           N/A          16%         4    N/A
 Agony                    Necr           ###.....     41%         5    N/A

Dungeon Overview and Level Annotations

Branches:
Dungeon (3/15)

Altars:
Sif Muna


Innate Abilities, Weirdness & Mutations

You do not eat.
Your natural rate of healing is unusually fast.
You have razor-sharp teeth.
You have supernaturally acute eyesight. (SInv)
You can survive without breathing.


Message History

Confirm with . or Enter, or press ? or * to list all spells.
You don't have enough magic to cast that spell.
You hit the orc wizard but do no damage.
The orc wizard is severely wounded.
The orc wizard hits you but does no damage.
You hit the orc wizard.
The orc wizard is almost dead.
The orc wizard points at you and mumbles some strange words.
The puff of flame hits you!
* * * LOW HITPOINT WARNING * * *
The orc wizard hits you with a +0 dagger.
* * * LOW HITPOINT WARNING * * *
You barely miss the orc wizard.
The orc wizard is almost dead.
The orc wizard closely misses you.
You hit the orc wizard but do no damage.
The orc wizard is almost dead.
The orc wizard gestures at you while chanting.
The puff of flame hits you!
You die...

....##.### #...#
#.#...... +...#
#....#..######...#
#.......#........#######
........#..........$....
........# ... #.#
.....#.##.o... #.#
..#.......o....#o#
..#.##.#######.#@#
..)............#.#
.†##.###.##....#.#
.<.............#.#
...............#.#
.........†.....#.#
#................#
...##........#.###
#..##...#.#..#.#


You could see an orc wizard (invisible).

Vanquished Creatures
  Robin (D:2)
  3 adders
  A worm (D:2)
  A dart slug (D:2)
  3 leopard geckos
  4 orcs (D:3)
  3 giant cockroaches
  15 goblins
  6 hobgoblins
  5 jackals (D:1)
  A quokka (D:2)
  A ball python (D:2)
  7 bats
  2 frilled lizards
  9 kobolds
  5 rats
67 creatures vanquished.

Notes
Turn   | Place    | Note
-------+----------+-------------------------------------------
     0 | D:1      | Razoi the Vampire Necromancer began the quest for the Orb.
     0 | D:1      | Reached XP level 1. HP: 13/13 MP: 3/3
     3 | D:1      | Noticed an electric eel
     3 | D:1      | Noticed an electric eel
   341 | D:1      | Reached XP level 2. HP: 19/19 MP: 3/5
   934 | D:2      | Reached XP level 3. HP: 23/24 MP: 3/6
   990 | D:2      | Reached skill level 5 in Necromancy
  1336 | D:2      | Reached skill level 1 in Short Blades
  1403 | D:2      | Noticed Robin
  1592 | D:2      | Killed Robin
  1592 | D:2      | Reached XP level 4. HP: 27/30 MP: 1/8
  1669 | D:2      | Learned a level 3 spell: Vampiric Draining
  1730 | D:2      | Found a faded altar of an unknown god.
  2169 | D:2      | Found a shimmering blue altar of Sif Muna.
  2172 | D:2      | Became a worshipper of Sif Muna the Loreminder
  2390 | D:3      | Killed from afar by an orc wizard

Levels and vault maps discovered:
D:1:      arrival_aquarium_b, layout_loops_ring, minmay_ruptured
D:2:      layout_basic, chequers_ecumenical_altar_grove, lemuel_blue_sif_altar,
          uniq_robin
D:3:      layout_basic, first_ration, palyth_stone_intersect

Skill      XL: |  1  2  3  4 |
---------------+-------------+-----
Necromancy     | 5 |  5.6
Short Blades   | 1 |  1.5
Spellcasting   | 3 |  3.0
Fighting       | |  0.1
Dodging        | |  2.5
Stealth        | |  3.1

Action                   |  1- 3 |  4- 6 || total
-------------------------+-------+-------++-------
Melee: Unarmed           |     5 |       ||     5
       Short sword       |    28 |    33 ||    61
       Bite              |     1 |     3 ||     4
 Cast: Pain              |    66 |    32 ||    98
       Vampiric Draining |       |     2 ||     2
  Use: Scroll            |     2 |       ||     2
 Stab: Sleeping          |     1 |       ||     1
Armor: Robe              |     6 |    10 ||    16
Dodge: Dodged            |    34 |    29 ||    63

Table legend:
 A = Non-vault XP
 B = Vault XP
 C = Vault XP percentage of total XP
 D = Non-vault monster count
 E = Vault monster count
 F = Vault count percentage of total count
                 A         B        C        D         E       F
            +---------+---------+-------+---------+---------+-------
      Total |     134 |      43 |  24.3 |      51 |      16 |  23.9
            +---------+---------+-------+---------+---------+-------
        D:1 |      31 |       6 |  16.2 |      19 |       3 |  13.6
        D:2 |      56 |      37 |  39.8 |      22 |      13 |  37.1
        D:3 |      47 |       0 |   0.0 |      10 |       0 |   0.0
            +---------+---------+-------+---------+---------+-------
